[Event "Titled Tuesday Blitz May 2 Early 2023"]
[White "Madaminov, Mukhiddin"]
[Black "Popilski, Gil"]
[WhiteFideId "14210703"]
[BlackFideId "2809060"]
[WhiteElo "2511"]
[BlackElo "2537"]
[Result "1-0"]
[Round "03"]
[TimeControl "180+2"]
[Date "2023.05.02"]
[WhiteClock "0:00:04"]
[BlackClock "0:00:03"]

1. d4 Nf6 2. Nc3 e6 3. Bf4 Bb4 4. e3 Nd5 5. Ne2 Nxf4 6. exf4 d5 7. g3 Nd7 8. Bg2 Nf6 9. O-O O-O 10. Qd2 Re8 11. Rad1 Bd7 12. Rfe1 a6 13. Nc1 c5 14. Nd3 cxd4 15. Nxb4 dxc3 16. Qxc3 Rc8 17. Qd2 Qb6 18. c3 Ba4 19. Rc1 h6 20. Nd3 d4 21. c4 Bc6 22. b3 Bxg2 23. Kxg2 Qc6+ 24. f3 b5 25. Ne5 Qb6 26. Red1 Red8 27. Qb4 Rc5 28. Nd3 Rc7 29. a4 Rb7 30. axb5 axb5 31. c5 Qc6 32. Ne5 Qd5 33. c6 Rc7 34. Rc5 Qd6 35. Rxb5 Nd5 36. Qxd6 Ne3+ 37. Kg1 Rxd6 38. Rd2 f6 39. Rb7 Rxb7 40. cxb7 Rb6 41. Rxd4 Rxb7 42. Rd3 fxe5 43. Rxe3 exf4 44. gxf4 Kf7 45. Kg2 Kf6 46. Kg3 Rb4 47. h4 Kf5 48. Rc3 Kf6 49. Rd3 Kf5 50. Re3 Kf6 51. Kg4 Kf7 52. h5 Kf6 53. Rc3 g6 54. hxg6 Kxg6 55. Re3 Kf6 56. Kg3 Kf5 57. Re5+ Kf6 58. Re3 Kf5 59. Rc3 Kf6 60. Kg4 Kg6 61. Rd3 Kf6 62. Re3 Kf7 63. Kg3 Kf6 64. Rc3 Kf5 65. Kf2 h5 66. Ke3 h4 67. Rc5+ Kg6 68. Rc3 h3 69. Kf2 Rxf4 70. Kg3 1-0


[Site "https://www.chess.com"]

[Event "Titled Tuesday Blitz May 2 Early 2023"]
[White "Galchenko, Matvey"]
[Black "Soham Kamotra"]
[WhiteFideId "24175480"]
[BlackFideId "46647490"]
[WhiteElo "2423"]
[BlackElo "2209"]
[Result "1/2-1/2"]
[Round "03"]
[TimeControl "180+2"]
[Date "2023.05.02"]
[WhiteClock "0:00:03"]
[BlackClock "0:00:08"]

1. f4 Nf6 2. Nf3 g6 3. g3 Bg7 4. Bg2 O-O 5. O-O d5 6. d3 b6 7. Nc3 Bb7 8. e4 dxe4 9. Ng5 Qc8 10. dxe4 h6 11. Nh3 Na6 12. Nf2 Nc5 13. e5 Rd8 14. Qe1 Bxg2 15. Kxg2 Qb7+ 16. Kg1 Nd5 17. Nce4 Qc6 18. c3 e6 19. Bd2 a5 20. Qe2 Rd7 21. Rad1 Rad8 22. Nxc5 Qxc5 23. Kg2 Ne7 24. Ne4 Qd5 25. c4 Qd3 26. Qxd3 Rxd3 27. Rf2 R8d4 28. Re1 Rxc4 29. Bc1 Rdd4 30. Rfe2 Nd5 31. a3 a4 32. Kf3 Rd3+ 33. Kg2 Kf8 34. Nf2 Rb3 35. Rd1 Ke8 36. Ne4 Rc6 37. h3 Bf8 38. g4 Be7 39. Rf1 Rd3 40. Nf2 Rd4 41. Kg3 Rdc4 42. Nd3 Rc2 43. Rxc2 Rxc2 44. f5 exf5 45. gxf5 g5 46. f6 Bc5 47. h4 Bd4 48. hxg5 hxg5 49. Bxg5 Bxb2 50. e6 Rc3 51. Rf3 Bxa3 52. e7 b5 53. Kg4 Nb4 54. Rh3 Rc4+ 55. Nf4 Re4 56. Rh8+ Kd7 57. Rd8+ Kc6 58. e8=Q+ Rxe8 59. Rxe8 Bb2 60. Ne2 a3 61. Bc1 Nd3 62. Bxb2 axb2 63. Nc3 b4 64. Nb1 Kd6 65. Re7 c5 66. Kf5 c4 67. Re8 c3 68. Rc8 Nc5 69. Rd8+ Nd7 70. Rc8 Nc5 71. Rd8+ Nd7 72. Rc8 Nc5 1/2-1/2


[Site "https://www.chess.com"]

[Event "Titled Tuesday Blitz May 2 Early 2023"]
[White "Tasev, Dejan"]
[Black "Bernadskiy, Vitaliy"]
[WhiteFideId "936618"]
[BlackFideId "14100371"]
[WhiteElo "2244"]
[BlackElo "2488"]
[Result "0-1"]
[Round "03"]
[TimeControl "180+2"]
[Date "2023.05.02"]
[WhiteClock "0:00:19"]
[BlackClock "0:00:03"]

1. e4 c5 2. Nf3 Nc6 3. Nc3 e6 4. g3 d6 5. Bg2 a6 6. O-O Be7 7. a4 Bd7 8. b3 Bf6 9. Bb2 Nge7 10. d3 O-O 11. Qc1 Rc8 12. Ne2 Ng6 13. h4 h6 14. h5 Bxb2 15. Qxb2 Nge5 16. Nxe5 Nxe5 17. f4 Ng4 18. Qc1 f5 19. Bf3 Qe8 20. Kg2 Qxh5 21. Rh1 Qg6 22. Bxg4 Qxg4 23. Qd2 Bc6 24. Nc3 e5 25. Rh4 Qg6 26. fxe5 dxe5 27. Nd5 Bxd5 28. exd5 f4 29. Qf2 Rcd8 30. Kh2 fxg3+ 31. Qxg3 Qxg3+ 32. Kxg3 Rxd5 33. Re1 Rf5 34. Rhe4 Kf7 35. b4 b5 36. axb5 axb5 37. R1e3 cxb4 38. Rxb4 Rc5 39. Re2 h5 40. c4 bxc4 41. Rxc4 Rxc4 42. dxc4 Ke6 43. Rc2 g5 44. c5 Rf8 45. c6 Rc8 46. c7 Kd6 47. Rd2+ Kxc7 48. Rd5 Re8 49. Kf3 Kc6 50. Ra5 e4+ 51. Ke3 Rg8 52. Kxe4 h4 53. Kf3 g4+ 54. Kg2 Rd8 55. Ra6+ Kc5 56. Ra5+ Kb6 57. Ra2 Rd4 58. Rc2 Kb5 59. Re2 Kc4 60. Ra2 Kb3 61. Ra7 Rd2+ 62. Kg1 h3 63. Rb7+ Kc3 64. Rc7+ Kb2 65. Rg7 Rg2+ 66. Kh1 g3 67. Rb7+ Kc1 68. Rc7+ Rc2 69. Rg7 Rc3 70. Re7 g2+ 71. Kh2 Kd2 72. Rg7 Re3 73. Ra7 Ke2 74. Rf7 Rf3 75. Ra7 Rf1 76. Rg7 Kf2 77. Rf7+ Ke3 78. Re7+ Kd2 79. Rd7+ Kc3 80. Rc7+ Kd4 81. Rd7+ Kc5 82. Rg7 Rh1+ 0-1


[Site "https://www.chess.com"]

[Event "Titled Tuesday Blitz May 2 Early 2023"]
[White "Atabayev, Saparmyrat"]
[Black "Dilanyan, Grigor"]
[WhiteFideId "14000571"]
[BlackFideId "13303570"]
[WhiteElo "2448"]
[BlackElo "2229"]
[Result "0-1"]
[Round "03"]
[TimeControl "180+2"]
[Date "2023.05.02"]
[WhiteClock "0:00:35"]
[BlackClock "0:00:23"]

1. e4 e5 2. Nf3 Nc6 3. Bc4 Nf6 4. d3 h6 5. O-O d6 6. Re1 g5 7. d4 g4 8. dxe5 gxf3 9. exf6 Ne5 10. Bf1 fxg2 11. Bxg2 Rg8 12. Bf4 Qxf6 13. Bg3 Bg4 14. Qd5 O-O-O 15. Nd2 h5 16. h4 Bh6 17. Nf1 Bf3 18. Bh3+ Kb8 19. Kh2 Ng4+ 20. Bxg4 Rxg4 21. Kh3 Rdg8 22. Qf5 Rxh4+ 23. Bxh4 Bg2+ 24. Kh2 Qxh4+ 25. Kg1 Qh1# 0-1


[Site "https://www.chess.com"]

[Event "Titled Tuesday Blitz May 2 Early 2023"]
[White "Quesada Perez, Yuniesky"]
[Black "Danielyan, Vahe"]
[WhiteFideId "3504409"]
[BlackFideId "13304828"]
[WhiteElo "2585"]
[BlackElo "2423"]
[Result "1-0"]
[Round "03"]
[TimeControl "180+2"]
[Date "2023.05.02"]
[WhiteClock "0:01:46"]
[BlackClock "0:02:04"]

1. e4 e6 2. d4 d5 3. e5 c5 4. c3 Qb6 5. Nf3 Nc6 6. a3 Nh6 7. b4 cxd4 8. cxd4 Nf5 9. Be3 f6 10. exf6 gxf6 11. Bd3 Nxe3 12. fxe3 Bh6 13. Qe2 O-O 14. Nc3 Bd7 15. O-O Rac8 16. Rac1 Ne7 17. Qf2 Kh8 18. Kh1 Rf7 19. Ne5 1-0


[Site "https://www.chess.com"]

[Event "Titled Tuesday Blitz May 2 Early 2023"]
[White "Jovic, Stanoje"]
[Black "Asis Gargatagli, Hipolito"]
[WhiteFideId "905020"]
[BlackFideId "2260735"]
[WhiteElo "2236"]
[BlackElo "2557"]
[Result "0-1"]
[Round "03"]
[TimeControl "180+2"]
[Date "2023.05.02"]
[WhiteClock "0:00:01"]
[BlackClock "0:01:05"]

1. c4 f5 2. g3 Nf6 3. Bg2 g6 4. Nc3 Bg7 5. d3 Nc6 6. e4 d6 7. h4 fxe4 8. dxe4 e5 9. Bg5 h6 10. Be3 Ng4 11. Bc1 Qf6 12. f3 O-O 13. Nge2 Qf7 14. Nd5 Nf6 15. O-O Kh7 16. Be3 Nh5 17. Kh2 Be6 18. Qd2 Rad8 19. Rab1 b6 20. b4 Nb8 21. b5 c6 22. bxc6 Nxc6 23. a4 Na5 24. Rfc1 Rc8 25. Qb4 Rfd8 26. Rc2 Bxd5 27. exd5 Nf6 28. Rbc1 e4 29. Nf4 Re8 30. Ne6 Rxc4 31. Rxc4 Nxd5 32. Qe1 Nxc4 33. Nxg7 Qxg7 34. fxe4 Ndxe3 35. Rc3 Ng4+ 36. Kh3 Nce5 0-1


[Site "https://www.chess.com"]

[Event "Titled Tuesday Blitz May 2 Early 2023"]
[White "Ohanyan, Emin"]
[Black "Novik, Maxim"]
[WhiteFideId "13312022"]
[BlackFideId "4102924"]
[WhiteElo "2402"]
[BlackElo "2287"]
[Result "0-1"]
[Round "03"]
[TimeControl "180+2"]
[Date "2023.05.02"]
[WhiteClock "0:00:01"]
[BlackClock "0:00:01"]

1. e4 c6 2. d4 d5 3. Nc3 dxe4 4. Nxe4 Bf5 5. Ng3 Bg6 6. h4 h6 7. Nf3 e6 8. Ne5 Bh7 9. Bd3 Bxd3 10. Qxd3 Nd7 11. f4 Be7 12. Bd2 Nxe5 13. fxe5 Bxh4 14. O-O-O Bxg3 15. Qxg3 Ne7 16. Qxg7 Rg8 17. Qh7 Qd5 18. Kb1 O-O-O 19. Qxf7 Nf5 20. Bxh6 Rxg2 21. Bc1 Rg7 22. Qf6 Rdg8 23. b3 Qd7 24. Ba3 Rg6 25. Rh8 Qe8 26. Rxg8 Qxg8 27. Qf8+ Qxf8 28. Bxf8 Rg4 29. c3 Rg2 30. a4 b6 31. Rh1 Kb7 32. Rh7+ Ka6 33. Bd6 b5 34. Bc5 bxa4 35. bxa4 Rg7 36. Rh8 Ka5 37. Ra8 Kxa4 38. Kc2 Rg2+ 39. Kd3 Rg3+ 40. Kd2 Rg2+ 41. Kd3 Rg3+ 42. Kd2 Rg2+ 43. Ke1 Kb3 44. Rxa7 Kxc3 45. Ra3+ Kc4 46. Kf1 Rc2 47. Ke1 Kd5 48. Kd1 Rg2 49. Ra4 Ke4 50. Kc1 Ne3 51. Kb1 Kd3 52. Ra3+ Ke4 53. Rb3 Nd5 54. Rb8 Kd3 55. Kc1 Nc3 0-1


[Site "https://www.chess.com"]

[Event "Titled Tuesday Blitz May 2 Early 2023"]
[White "Bacrot, Etienne"]
[Black "Ingebretsen, Jens E"]
[WhiteFideId "605506"]
[BlackFideId "1522965"]
[WhiteElo "2663"]
[BlackElo "2213"]
[Result "1/2-1/2"]
[Round "03"]
[TimeControl "180+2"]
[Date "2023.05.02"]
[WhiteClock "0:00:11"]
[BlackClock "0:00:14"]

1. e4 c5 2. Nf3 e6 3. b3 d5 4. exd5 exd5 5. Bb5+ Bd7 6. Qe2+ Qe7 7. Bxd7+ Nxd7 8. d4 Qxe2+ 9. Kxe2 Ngf6 10. Re1 Ne4 11. Nbd2 Ndf6 12. Kf1 cxd4 13. Bb2 Bb4 14. Bxd4 O-O 15. Bxf6 Bxd2 16. Red1 Rac8 17. Nxd2 Nxf6 18. Rac1 Rc3 19. Nb1 Rc5 20. f3 Rfc8 21. c3 a5 22. Rd4 b5 23. Rcd1 Kf8 24. Ke2 Ke7 25. Kd2 Ke6 26. Re1+ Kd6 27. Re3 h6 28. Na3 R8c7 29. Red3 Ke6 30. Re3+ Kd6 31. Rdd3 g6 32. Rd4 h5 33. h4 Re7 34. c4 Rxe3 35. Kxe3 bxc4 36. Nxc4+ Ke6 37. Nb2 Rc2 38. Rd2 Rc1 39. Nd3 Rg1 40. Kf2 Ra1 41. Rc2 Kd6 42. Ke3 Ne8 43. Nf2 Ng7 44. Kf4 Ne6+ 45. Ke3 d4+ 46. Kd3 Rg1 47. Ne4+ Kd5 48. g3 Rd1+ 49. Ke2 Rh1 50. Rd2 Rh2+ 51. Kd3 Rxd2+ 52. Kxd2 Nc5 53. Nxc5 Kxc5 54. Kd3 Kb4 55. Kxd4 Ka3 56. Kc3 Kxa2 57. b4 axb4+ 58. Kxb4 Kb2 59. Kc4 Kc2 60. Kd4 Kd2 61. Ke4 Ke2 62. g4 Kf2 63. Kf4 Kg2 64. gxh5 gxh5 65. Kg5 Kxf3 66. Kxh5 f5 67. Kg5 f4 68. h5 Kg3 69. h6 f3 70. h7 f2 71. h8=Q f1=Q 72. Qh4+ Kg2 73. Qg4+ Kf2 74. Qf4+ Ke1 75. Qxf1+ Kxf1 1/2-1/2


[Site "https://www.chess.com"]

[Event "Titled Tuesday Blitz May 2 Early 2023"]
[White "Alinasab, Mobina"]
[Black "Suyarov, Mukhammadzokhid"]
[WhiteFideId "12528897"]
[BlackFideId "14210495"]
[WhiteElo "2149"]
[BlackElo "2361"]
[Result "1-0"]
[Round "03"]
[TimeControl "180+2"]
[Date "2023.05.02"]
[WhiteClock "0:00:00"]
[BlackClock "0:00:00"]

1. Nf3 Nf6 2. g3 d5 3. Bg2 Bg4 4. Ne5 Bf5 5. d4 c6 6. O-O Nbd7 7. b3 e6 8. Bb2 Nxe5 9. dxe5 Nd7 10. Nd2 a5 11. e4 Bg6 12. a4 Bc5 13. Kh1 Qb6 14. f4 dxe4 15. Nxe4 Bxe4 16. Bxe4 g6 17. Rb1 Rd8 18. Qf3 O-O 19. Rbd1 Nb8 20. Rd3 Rxd3 21. Bxd3 Bd4 22. Ba3 Bc5 23. Bc1 Na6 24. g4 Nb4 25. Be4 f5 26. exf6 Rxf6 27. Bb2 Rf7 28. Qc3 Kf8 29. Qh8+ Ke7 30. f5 Nd5 31. f6+ Kd7 32. Qg8 Rf8 33. Qxh7+ Kc8 34. f7 Bd4 35. Qh6 Bc5 36. Bg7 Rd8 37. f8=Q Bxf8 38. Bxf8 Ne3 39. Rg1 Qd4 40. Qf4 e5 41. Qf3 Kc7 42. Bh6 Nd5 43. Rd1 Qc5 44. Bg7 Re8 45. Bxd5 cxd5 46. Qxd5 Qxc2 47. Qd7+ Kb6 48. Rd6+ Ka7 49. Qxe8 Qe4+ 50. Kg1 Qxg4+ 51. Kf2 Qf4+ 52. Ke2 Qe4+ 53. Kd1 Qb1+ 54. Kd2 Qb2+ 55. Ke3 Qxb3+ 56. Rd3 Qb6+ 57. Ke4 Qb4+ 58. Kd5 Qb1 59. Qb5 Qg1 60. Kd6 Qxh2 61. Qc5+ b6 62. Qc7+ Ka8 63. Qc6+ Ka7 64. Bxe5 Qe2 65. Rd5 Qa2 66. Ke7 Qa3+ 67. Qd6 Qh3 68. Qd7+ Ka6 69. Qxh3 g5 70. Qc8+ Ka7 71. Rd7# 1-0


[Site "https://www.chess.com"]

[Event "Titled Tuesday Blitz May 2 Early 2023"]
[White "Djordjevic, Vuk"]
[Black "Jaskolka, Tomasz"]
[WhiteFideId "902098"]
[BlackFideId "1170791"]
[WhiteElo "2452"]
[BlackElo "2155"]
[Result "1-0"]
[Round "03"]
[TimeControl "180+2"]
[Date "2023.05.02"]
[WhiteClock "0:00:14"]
[BlackClock "0:00:08"]

1. d4 d5 2. Bf4 Nf6 3. e3 c5 4. c3 Nc6 5. Nd2 Qb6 6. Qb3 c4 7. Qxb6 axb6 8. a3 b5 9. Rc1 h6 10. Be2 Bf5 11. Ngf3 e6 12. Ne5 Nxe5 13. Bxe5 Nd7 14. Bc7 f6 15. g4 Bh7 16. Bg3 Kf7 17. h4 Be7 18. f4 Nb6 19. Bd1 Ra6 20. Bc2 Na4 21. Bxh7 Rxh7 22. Rc2 Ra8 23. e4 Bd6 24. e5 Be7 25. Nf3 Rhh8 26. f5 g6 27. exf6 Bxf6 28. fxe6+ Kxe6 29. O-O Rae8 30. Re2+ Kd7 31. Ne5+ Bxe5 32. Rf7+ Kc8 33. Bxe5 Rhf8 34. Rg7 Re6 35. Kg2 h5 36. gxh5 gxh5 37. Rg5 Kd7 38. Rxh5 Kc6 39. Rg5 Rh8 40. Kg3 Rh7 41. Rh2 Kd7 42. h5 Reh6 43. Kg4 Ke6 44. Bg7 Rxg7 45. Rxg7 Kf6 46. Rxb7 Rh8 47. Rxb5 Ke6 48. Ra5 Rg8+ 49. Kh4 Nb6 50. Ra6 Rb8 51. h6 Kf5 52. h7 Nd7 53. Kg3 Rh8 54. Ra7 Nf6 55. Rf7 Kg6 56. Rxf6+ Kxf6 57. Kf3 Kf5 58. Ke3 Kg6 59. Kd2 Kg7 60. Kc2 Kf7 61. a4 Kg6 62. a5 Kg7 63. a6 Kg6 64. a7 Kg7 65. Rh3 Kg6 66. a8=Q Rxh7 67. Qg8+ Kf6 68. Rf3+ Ke7 69. Qg5+ Kd6 70. Rf6+ Kc7 71. Qe5+ Kc8 72. Qe6+ Kb8 73. Qb6+ Kc8 74. Rf8+ Kd7 75. Rd8+ Ke7 76. Qd6+ Kf7 77. Rf8+ Kg7 78. Qf6# 1-0


[Site "https://www.chess.com"]

[Event "Titled Tuesday Blitz May 2 Early 2023"]
[White "Karamsetty, Jeevan"]
[Black "Siva Mahadevan"]
[WhiteFideId "2025337"]
[BlackFideId "25043153"]
[WhiteElo "2111"]
[BlackElo "2249"]
[Result "1-0"]
[Round "03"]
[TimeControl "180+2"]
[Date "2023.05.02"]
[WhiteClock "0:00:06"]
[BlackClock "0:00:16"]

1. e4 c5 2. Nc3 Nc6 3. Bb5 Nd4 4. Bc4 e6 5. Nge2 Nf6 6. O-O d5 7. exd5 exd5 8. Nxd5 Nxd5 9. Nxd4 Nb6 10. Bb5+ Bd7 11. Re1+ Be7 12. Nf5 Bxb5 13. Nxe7 Kf8 14. d3 Qd7 15. c4 Bc6 16. Nxc6 Qxc6 17. Be3 Rd8 18. Qh5 Nd7 19. Bg5 f6 20. Bf4 g6 21. Qe2 Kg8 22. Qe7 Rf8 23. Re6 Qc8 24. Bh6 Rf7 25. Qd6 Nf8 26. Rxf6 Qe8 27. Rxf7 Kxf7 28. Qxc5 Ne6 29. Qxa7 Qd7 30. Qe3 Rd8 31. Re1 Nd4 32. Qf4+ Kg8 33. Qf6 Nf5 34. Bg5 Re8 35. Rxe8+ Qxe8 36. g3 Qe1+ 37. Kg2 Qe2 38. Qd8+ Kf7 39. Qd7+ Kf8 40. Qd8+ Kf7 41. Qd5+ Kf8 42. h4 h6 43. Bf4 Qxb2 44. Bd6+ Ke8 45. Qe6+ Kd8 46. Qxg6 Ne3+ 47. Kf3 Nd1 48. Bc5 Qe5 49. Qd6+ Qxd6 50. Bxd6 Nc3 51. a3 Kd7 52. Bb4 Na4 53. Kg4 Nb2 54. Kh5 Nxd3 55. f4 Nb2 56. c5 Ke6 57. Kxh6 Kf5 58. h5 Nc4 59. Kg7 b6 60. cxb6 Nxb6 61. h6 Nd5 62. h7 Nf6 63. h8=Q 1-0


[Site "https://www.chess.com"]

[Event "Titled Tuesday Blitz May 2 Early 2023"]
[White "Dinu, Dumitru-Daniel"]
[Black "Maksimovic, Bojan"]
[WhiteFideId "1208403"]
[BlackFideId "14408120"]
[WhiteElo "2240"]
[BlackElo "2468"]
[Result "0-1"]
[Round "03"]
[TimeControl "180+2"]
[Date "2023.05.02"]
[WhiteClock "0:00:06"]
[BlackClock "0:01:25"]

1. e4 g6 2. d4 Nf6 3. Nc3 d5 4. e5 Ne4 5. Bd3 Nxc3 6. bxc3 c5 7. Nf3 Nc6 8. h3 c4 9. Be2 f6 10. exf6 exf6 11. O-O Bd6 12. Bh6 Kf7 13. Rb1 Re8 14. Be3 Qc7 15. Nd2 Be6 16. Bf3 Ne7 17. Re1 b6 18. Nf1 Rad8 19. Qd2 Qc6 20. Bf4 Bxf4 21. Qxf4 Qd6 22. Qh6 Kg8 23. Ng3 Nf5 24. Nxf5 Bxf5 25. Qd2 Kg7 26. Re2 Rxe2 27. Qxe2 Bd7 28. Re1 Re8 29. Qd2 Rxe1+ 30. Qxe1 Qe6 31. Qxe6 Bxe6 32. Kf1 Kf7 33. Ke1 Ke7 34. Kd2 g5 35. Kc1 Kd6 36. Kb2 f5 37. g3 f4 38. g4 h5 39. Ka3 hxg4 40. hxg4 a5 41. Kb2 Bf7 42. Be2 Bg6 43. f3 Kc6 44. Bd1 Kb5 45. Ka3 Bh7 46. Kb2 Ka4 47. Be2 Bg6 48. Bd1 b5 49. a3 Bh7 50. Ka2 b4 51. cxb4 axb4 52. c3+ b3+ 53. Kb2 Bd3 54. Ka1 Kxa3 55. Bc2 b2+ 56. Kb1 Bxc2+ 57. Kxc2 Ka2 58. Kd2 b1=Q 0-1


[Site "https://www.chess.com"]

[Event "Titled Tuesday Blitz May 2 Early 2023"]
[White "Livaic, Leon"]
[Black "Xie, Bryan"]
[WhiteFideId "14531534"]
[BlackFideId "30941296"]
[WhiteElo "2509"]
[BlackElo "2033"]
[Result "1-0"]
[Round "03"]
[TimeControl "180+2"]
[Date "2023.05.02"]
[WhiteClock "0:00:47"]
[BlackClock "0:00:02"]

1. d4 d5 2. c4 e6 3. Nf3 dxc4 4. e3 Nf6 5. Bxc4 c5 6. O-O a6 7. b3 b5 8. Be2 Bb7 9. a4 b4 10. Bb2 Nbd7 11. Nbd2 Be7 12. Rc1 Rc8 13. Ne5 O-O 14. Bf3 Qb6 15. Ndc4 Qa7 16. Nxd7 Nxd7 17. d5 exd5 18. Bxd5 Rcd8 19. Bxb7 Qxb7 20. Qh5 Nf6 21. Bxf6 Bxf6 22. Qxc5 Bc3 23. Rfd1 Qb8 24. Nd6 Rd7 25. Ne4 Rc8 26. Qf5 Rxd1+ 27. Rxd1 Rd8 28. Rd7 Rxd7 29. Qxd7 Be5 30. g3 h6 31. Qc6 a5 32. Qd5 Bc7 33. Nc5 Qe8 34. Kg2 Bb6 35. Nd3 Bxe3 36. fxe3 Qxe3 37. Qa8+ Kh7 38. Qf3 Qd2+ 39. Nf2 1-0


[Site "https://www.chess.com"]

[Event "Titled Tuesday Blitz May 2 Early 2023"]
[White "Kravtsiv, Martyn"]
[Black "Bogaudinov, Rushan"]
[WhiteFideId "14113147"]
[BlackFideId "4129288"]
[WhiteElo "2695"]
[BlackElo "1967"]
[Result "1-0"]
[Round "03"]
[TimeControl "180+2"]
[Date "2023.05.02"]
[WhiteClock "0:00:14"]
[BlackClock "0:00:01"]

1. e4 c5 2. Nf3 e6 3. d4 cxd4 4. Nxd4 Nc6 5. Nc3 a6 6. Be2 Qc7 7. O-O Nf6 8. Be3 b5 9. Nxc6 dxc6 10. f4 Bb4 11. e5 Nd5 12. Nxd5 cxd5 13. a4 Bc5 14. Bxc5 Qxc5+ 15. Kh1 b4 16. Bd3 g6 17. Qe1 h5 18. Rc1 Bd7 19. b3 h4 20. h3 a5 21. c4 bxc3 22. Rxc3 Qb4 23. Rc7 Qxb3 24. Qe2 Qb6 25. Qc2 Rd8 26. Rb1 Qd4 27. Rbb7 O-O 28. Rxd7 Rxd7 29. Rxd7 Qxf4 30. Ra7 Qxe5 31. Qd1 Qc3 32. Rb7 Re8 33. Qf1 Rf8 34. Qb1 Qd4 35. Bxg6 Kg7 36. Bh5 Kf6 37. Qf1+ Kg5 38. Rxf7 Rxf7 39. Bxf7 1-0


[Site "https://www.chess.com"]

[Event "Titled Tuesday Blitz May 2 Early 2023"]
[White "Fernandez Garcia, Gumersindo"]
[Black "Xu, Yi"]
[WhiteFideId "24516740"]
[BlackFideId "8605564"]
[WhiteElo "2093"]
[BlackElo "2471"]
[Result "0-1"]
[Round "03"]
[TimeControl "180+2"]
[Date "2023.05.02"]
[WhiteClock "0:00:11"]
[BlackClock "0:00:58"]

1. d4 Nf6 2. c4 e6 3. Nc3 Bb4 4. Qc2 b6 5. a3 Bxc3+ 6. Qxc3 Bb7 7. f3 d5 8. Bg5 Nbd7 9. e3 c5 10. dxc5 bxc5 11. Nh3 O-O 12. Be2 Qb6 13. Rd1 h6 14. Bh4 e5 15. Bxf6 d4 16. exd4 cxd4 17. Qb4 gxf6 18. Qxb6 axb6 19. Nf2 Nc5 20. Nd3 Rfe8 21. O-O f5 22. Nb4 Rad8 23. Bd3 e4 24. Bb1 d3 25. fxe4 fxe4 26. Rf6 e3 27. Nxd3 e2 28. Re1 Rxd3 29. Bxd3 Nxd3 30. Rxe2 Rxe2 31. Kf1 Re1# 0-1


[Site "https://www.chess.com"]

[Event "Titled Tuesday Blitz May 2 Early 2023"]
[White "Goltsev, Dmitry"]
[Black "Kalajzic, Ivan"]
[WhiteFideId "24176710"]
[BlackFideId "14506378"]
[WhiteElo "2336"]
[BlackElo "2203"]
[Result "1-0"]
[Round "03"]
[TimeControl "180+2"]
[Date "2023.05.02"]
[WhiteClock "0:02:10"]
[BlackClock "0:02:00"]

1. e4 Nc6 2. Nf3 d6 3. Nc3 g6 4. d4 Bg7 5. Be2 e5 6. dxe5 dxe5 7. Qxd8+ Nxd8 8. Nd5 Ne6 9. Ng5 Nxg5 10. Bxg5 f6 11. Nxc7+ Kd8 12. Nxa8 fxg5 13. O-O-O+ Bd7 14. Bb5 Nf6 15. Bxd7 Nxd7 16. Rd3 Kc8 17. Rhd1 Nc5 18. Rc3 b6 19. b4 Kb7 20. bxc5 Kxa8 21. c6 Rc8 22. Rd7 Bf8 23. Rxh7 Bc5 24. Rd3 Bd4 25. c3 Rxc6 26. Kd2 Rc7 27. Rxc7 1-0


[Site "https://www.chess.com"]

[Event "Titled Tuesday Blitz May 2 Early 2023"]
[White "Rodrigues, Bruno Morado"]
[Black "Gharibyan, Mamikon"]
[WhiteFideId "2115654"]
[BlackFideId "13308300"]
[WhiteElo "2040"]
[BlackElo "2445"]
[Result "0-1"]
[Round "03"]
[TimeControl "180+2"]
[Date "2023.05.02"]
[WhiteClock "0:00:26"]
[BlackClock "0:00:18"]

1. d4 Nf6 2. Nc3 d5 3. Bg5 Nbd7 4. Qd3 h6 5. Bh4 e6 6. e4 Bb4 7. Bxf6 Qxf6 8. e5 Qd8 9. O-O-O c5 10. f4 Qa5 11. Nge2 cxd4 12. Qxd4 a6 13. a3 Be7 14. Qa4 Qxa4 15. Nxa4 b5 16. Nac3 Bb7 17. Nd4 g6 18. Bd3 h5 19. g3 Rc8 20. Nce2 Nc5 21. Kb1 Kd7 22. h3 Rh7 23. g4 hxg4 24. hxg4 Rch8 25. Ng3 Rh3 26. Rdg1 Rxg3 0-1


[Site "https://www.chess.com"]

[Event "Titled Tuesday Blitz May 2 Early 2023"]
[White "Kiselev, Pavel"]
[Black "Kovalenko, Igor"]
[WhiteFideId "4191102"]
[BlackFideId "14117908"]
[WhiteElo "2145"]
[BlackElo "2574"]
[Result "0-1"]
[Round "03"]
[TimeControl "180+2"]
[Date "2023.05.02"]
[WhiteClock "0:00:43"]
[BlackClock "0:01:53"]

1. Nf3 d5 2. c4 e6 3. d4 Nf6 4. g3 Bb4+ 5. Bd2 Be7 6. Bg2 O-O 7. O-O c6 8. Qc2 b6 9. Bf4 Ba6 10. b3 Nbd7 11. Ne5 Nxe5 12. dxe5 Nd7 13. Rd1 g5 14. Bc1 Nxe5 15. Bb2 Bf6 16. e4 Rc8 17. f4 gxf4 18. gxf4 Ng6 19. e5 Bg7 20. Nc3 Nxf4 21. Ne4 Kh8 22. Nd6 Qg5 23. Nxc8 Bxc8 24. cxd5 exd5 25. Kh1 Bf5 26. Qd2 Qxg2+ 27. Qxg2 Nxg2 28. Kxg2 Be4+ 29. Kf2 Re8 30. Rac1 c5 31. Rf1 Bxe5 32. Bxe5+ Rxe5 33. Kg3 Kg7 34. Rf2 Bg6 35. Rcf1 d4 36. Rd1 h5 37. Rdd2 Re3+ 38. Kg2 Be4+ 39. Kf1 f5 40. Rf4 Kg6 41. Kf2 Kg5 0-1


[Site "https://www.chess.com"]

[Event "Titled Tuesday Blitz May 2 Early 2023"]
[White "Sokolovsky, Yahli"]
[Black "Jimenez Fernandez, Rebeca"]
[WhiteFideId "2820242"]
[BlackFideId "32070934"]
[WhiteElo "2316"]
[BlackElo "2008"]
[Result "1-0"]
[Round "03"]
[TimeControl "180+2"]
[Date "2023.05.02"]
[WhiteClock "0:00:04"]
[BlackClock "0:00:01"]

1. b3 e5 2. Bb2 Nc6 3. e3 d6 4. d4 g6 5. d5 Nce7 6. c4 Bg7 7. f4 Nh6 8. Nf3 O-O 9. fxe5 Nef5 10. Qd2 Ng4 11. e4 Bh6 12. Qc3 dxe5 13. exf5 Bxf5 14. Nbd2 f6 15. Bd3 e4 16. Nxe4 Re8 17. Nd2 Bxd2+ 18. Kxd2 Bxe4 19. Bxe4 Rxe4 20. Rae1 Rxe1 21. Rxe1 Qd7 22. Qg3 Rf8 23. Re6 Nh6 24. Bxf6 Nf5 25. Qe5 Qf7 26. g4 Nd6 27. g5 c6 28. Re7 Qxe7 29. Qxe7 Nf5 30. Qe6+ 1-0


[Site "https://www.chess.com"]

[Event "Titled Tuesday Blitz May 2 Early 2023"]
[White "Deac, Bogdan-Daniel"]
[Black "Suder, Jakub"]
[WhiteFideId "1226380"]
[BlackFideId "1195310"]
[WhiteElo "2649"]
[BlackElo "2287"]
[Result "1-0"]
[Round "03"]
[TimeControl "180+2"]
[Date "2023.05.02"]
[WhiteClock "0:00:04"]
[BlackClock "0:00:03"]

1. b3 Nf6 2. Bb2 e6 3. Nf3 d5 4. c4 Be7 5. g3 O-O 6. Bg2 c5 7. cxd5 Nxd5 8. O-O b6 9. d4 Bb7 10. dxc5 Bxc5 11. Nbd2 Nd7 12. a3 Rc8 13. Rc1 Be7 14. Nc4 Bf6 15. Qd2 Nc5 16. Bxf6 Qxf6 17. Qc2 Qe7 18. b4 Nd7 19. Qb2 Ba6 20. Nfd2 Qf6 21. Qb3 Bxc4 22. Nxc4 Qe7 23. Rfd1 N7f6 24. e4 Nc7 25. Nd6 Rcd8 26. e5 Nfd5 27. f4 Kh8 28. h4 f6 29. Rf1 fxe5 30. fxe5 Rxf1+ 31. Rxf1 Rf8 32. Rf3 h6 33. Bh3 Kg8 34. Qd3 Rxf3 35. Qxf3 Ne8 36. Ne4 Qf7 37. Qd3 Nec7 38. Bg4 Qd7 39. Nd6 Qc6 40. Bh5 Qc1+ 41. Kh2 Qe1 42. Qf3 Qxe5 43. Qf7+ Kh8 44. Ne8 Qb2+ 45. Kh3 Nf4+ 46. gxf4 Qc3+ 47. Kg2 Qd2+ 48. Kg3 Qe3+ 49. Bf3 Qg1+ 50. Kh3 Qf1+ 51. Bg2 Qd3+ 52. Kh2 Nxe8 53. Qxe8+ Kh7 54. Qxe6 1-0


[Site "https://www.chess.com"]

[Event "Titled Tuesday Blitz May 2 Early 2023"]
[White "Wadsworth, Matthew J"]
[Black "Swiercz, Dariusz"]
[WhiteFideId "415804"]
[BlackFideId "1126881"]
[WhiteElo "2330"]
[BlackElo "2620"]
[Result "1-0"]
[Round "03"]
[TimeControl "180+2"]
[Date "2023.05.02"]
[WhiteClock "0:00:18"]
[BlackClock "0:00:01"]

1. Nf3 e6 2. g3 g5 3. d4 g4 4. Nfd2 h5 5. h4 c5 6. dxc5 Nf6 7. Nc4 Bxc5 8. Nd6+ Ke7 9. Nxc8+ Qxc8 10. Bg5 d5 11. Bg2 Nd7 12. O-O Qc7 13. c4 dxc4 14. e3 Rag8 15. Nd2 Rxg5 16. hxg5 h4 17. gxf6+ Nxf6 18. Ne4 Nxe4 19. Bxe4 f5 20. Bg2 hxg3 21. Qe2 Qe5 22. Rae1 gxf2+ 23. Rxf2 Qh2+ 24. Kf1 Qg3 25. Qxc4 Bxe3 26. Rxe3 Qxe3 27. Re2 Qb6 28. Qc3 Rh6 29. Qg7+ 1-0


[Site "https://www.chess.com"]